 Dungeon Crawl Stone Soup version 0.23-a0-819-g6debee6 (webtiles) character file.

116875 snetch the Severer (level 16, -5/151 HPs)
             Began as a Minotaur Berserker on Jan 21, 2019.
             Was an Elder of Trog.
             Shot with a stone by a faun (12 damage)
             ... led by a satyr
             ... on level 3 of the Shoals on Jan 22, 2019.
             The game lasted 02:20:42 (24689 turns).

snetch the Severer (Minotaur Berserker)            Turns: 24689, Time: 02:20:44

Health: -5/151     AC: 27    Str: 31    XL:     16   Next: 21%
Magic:  0/16       EV: 14    Int:  5    God:    Trog [****..]
Gold:   1239       SH:  0    Dex: 14    Spells: 15/15 levels left

rFire    . . .     SeeInvis +   a - +5 battleaxe (flame)
rCold    + . .     Gourm    .   (shield currently unavailable)
rNeg     . . .     Faith    .   D - +3 plate armour {rC+}
rPois    .         Spirit   +   l - +2 hat {MR+}
rElec    .         Reflect  .   T - +0 cloak
rCorr    .         Harm     .   X - +0 pair of gloves {archery}
MR       ++++.                  n - +0 pair of boots
Stlth    ..........             C - amulet of guardian spirit
HPRegen  1.35/turn              R - +4 ring of evasion
MPRegen  0.15/turn              L - ring "Caqeekhlu" {EV-3 Str+3 Dex+4 SInv}

@: very slightly contaminated, regenerating, glowing, very slow
A: retaliatory headbutt, horns 2
a: Berserk, Trog's Hand, Brothers in Arms, Renounce Religion


You were on level 3 of the Shoals.
You worshipped Trog.
Trog was greatly pleased with you.
You were not hungry.

You visited 5 branches of the dungeon, and saw 26 of its levels.
You also visited: Sewer and Ice Cave.

You collected 1981 gold pieces.
You spent 742 gold pieces at shops.

Inventory:

Hand Weapons
 a - a +5 battleaxe of flaming (weapon)
 b - a +3 arbalest
 x - a +5 antimagic quarterstaff
 Y - a +4 eveningstar of holy wrath
Missiles
 c - 86 bolts
 B - 804 stones
 I - 21 tomahawks (quivered)
Armour
 l - a +2 hat of magic resistance (worn)
 n - a +0 pair of boots (worn)
 D - a +3 plate armour of cold resistance (worn)
 T - a +0 cloak (worn)
 X - a +0 pair of gloves of archery (worn)
Jewellery
 p - a +3 ring of intelligence
 q - a +3 ring of protection
 u - an uncursed ring of resist corrosion
 C - an amulet of guardian spirit (around neck)
 L - the ring "Caqeekhlu" (right hand) {EV-3 Str+3 Dex+4 SInv}
   (You found it in an ice cave)

   [ring of evasion]

   It affects your evasion (-3).
   It affects your strength (+3).
   It affects your dexterity (+4).
   It lets you see invisible.
 R - a +4 ring of evasion (left hand)
Wands
 h - a wand of digging (10)
 r - a wand of clouds (4)
 A - a wand of flame (56)
 F - a wand of polymorph (15)
 K - a wand of iceblast (29)
 S - a wand of acid (38)
Scrolls
 d - a scroll of summoning
 g - 13 scrolls of teleportation
 k - 2 scrolls of blinking
 m - a scroll of silence
 o - 3 scrolls of magic mapping
 t - a scroll of vulnerability
 v - 5 scrolls of enchant weapon
 w - 4 scrolls of immolation
 E - 4 scrolls of remove curse
 N - 3 scrolls of fog
 Q - 3 scrolls of fear
 V - 8 scrolls of enchant armour
Potions
 e - 5 potions of mutation
 f - 16 potions of curing
 i - 3 potions of haste
 s - 8 potions of lignification
 y - 4 potions of agility
 z - 2 potions of resistance
 G - 3 potions of brilliance
 H - 3 potions of flight
 J - 5 potions of invisibility
 M - 3 potions of might
 O - 5 potions of heal wounds
 P - 4 potions of magic
 U - 2 potions of cancellation
Miscellaneous
 j - a lamp of fire
 W - a phantom mirror
Comestibles
 Z - 41 rations


   Skills:
 + Level 15.8 Fighting
   Level 1.7 Long Blades
 + Level 18.0 Axes
   Level 2.5(14.1) Polearms
 + Level 11.8(11.9) Staves
 + Level 4.3 Crossbows
 + Level 4.0 Throwing
 + Level 16.7 Armour
 + Level 9.0 Dodging
 + Level 2.6 Stealth
   Level 7.0 Shields
 + Level 2.3 Evocations


You had 15 spell levels left.
You didn't know any spells.
Your spell library contained the following spells:

 Spells                   Type           Power        Failure   Level  Hunger
 Animate Skeleton         Necr           N/A          94%         1    ##.....
 Apportation              Tloc           #.....       94%         1    ##.....
 Confusing Touch          Hex            #.....       94%         1    ##.....
 Corona                   Hex            #......      94%         1    ##.....
 Sandblast                Erth           #.....       94%         1    ##.....
 Summon Small Mammal      Summ           #...         94%         1    ##.....
 Call Imp                 Summ           #.......     98%         2    ###....
 Passwall                 Tmut/Erth      #.......     98%         2    ###....
 Poisonous Vapours        Pois/Air       #.....       98%         2    ###....
 Slow                     Hex            #.......     98%         2    ###....
 Call Canine Familiar     Summ           #.......     100%        3    ####...
 Confuse                  Hex            #.......     100%        3    ####...
 Conjure Flame            Conj/Fire      #.......     100%        3    ####...
 Gell's Gravitas          Tloc           #.........   100%        3    ####...
 Inner Flame              Hex/Fire       #.......     100%        3    ####...
 Mephitic Cloud           Conj/Pois/Air  #.......     100%        3    ####...
 Portal Projectile        Hex/Tloc       #.....       100%        3    ####...
 Stone Arrow              Conj/Erth      #.....       100%        3    ####...
 Summon Guardian Golem    Hex/Summ       #.......     100%        3    ####...
 Cause Fear               Hex            #.........   100%        4    #####..
 Leda's Liquefaction      Hex/Erth       #.........   100%        4    #####..
 Petrify                  Tmut/Erth      #.......     100%        4    #####..
 Summon Ice Beast         Ice/Summ       #.......     100%        4    #####..
 Summon Lightning Spire   Summ/Air       #.......     100%        4    #####..
 Bolt of Magma            Conj/Fire/Erth #.........   100%        5    ######.
 Iskenderun's Battlesphe  Conj/Chrm      #.......     100%        5    ######.
 Lee's Rapid Deconstruct  Erth           #.........   100%        5    ######.
 Metabolic Englaciation   Hex/Ice        #.........   100%        5    ######.
 Venom Bolt               Conj/Pois      #.........   100%        5    ######.
 Yara's Violent Unravell  Hex/Tmut       #.........   100%        5    ######.
 Freezing Cloud           Conj/Ice/Air   #.........   100%        6    #######
 Iron Shot                Conj/Erth      #.........   100%        6    #######
 Orb of Destruction       Conj           #.........   100%        7    #######
 Ring of Flames           Chrm/Fire      #.........   100%        7    #######
 Spellforged Servitor     Conj/Summ      #.........   100%        7    #######


Dungeon Overview and Level Annotations

Branches:
Dungeon (15/15)            Temple (1/1) D:5            Lair (6/6) D:9
 Shoals (3/4) Lair:3        Snake (1/4) Lair:4        Slime (0/5) Lair:6
    Orc (0/2) D:9          Vaults (0/5) D:13         Depths (0/5) D:15

Altars:
Ashenzari
Cheibriados
Dithmenos
Elyvilon
Fedhas
Gozag
Hepliaklqana
Kikubaaqudgha
Makhleb
Nemelex Xobeh
Okawaru
Qazlal
Ru
Sif Muna
Trog
Uskayaw
Vehumet
Wu Jian
Xom
Yredelemnul
Zin
The Shining One
Beogh

Shops:
D:6 }   D:11 !   D:14 !   D:15 (   Shoals:1 =

Annotations:
Lair:1 2 transporters, DekuTree's ghost, journeyman DsFE


Innate Abilities, Weirdness & Mutations

You reflexively headbutt those who attack you in melee.
You have a pair of horns on your head.


Message History

* * * LOW HITPOINT WARNING * * *
The faun barely misses you.
Your skin crawls.
You feel resistant to hostile enchantments.
You feel somewhat more hungry.
The faun splashes around in the water.
The satyr shoots an arrow.
The arrow hits you!
* * * LOW HITPOINT WARNING * * *
The faun hits you with a +0 spear!
* * * LOW HITPOINT WARNING * * *
The faun hits you but does no damage.
Blink to where?
Press: ? - help, Dir - move target cursor Splash!
You fall into the shallow water.
Moving in this stuff is going to be slow.
You are very lightly contaminated with residual magic.
As you read the scroll of blinking, it crumbles to dust.
The faun unwields a +0 spear.
The faun wields a +0 hunting sling.
The faun shoots a stone.
The stone hits you!
You die...

#.)≈m≈≈≈≈≈≈≈≈....≈≈c..≈≈≈≈
...≈≈≈≈≈≈≈≈≈≈..[..ccc..≈≈≈≈
≈..≈≈≈≈≈≈≈≈≈≈≈≈.....)(..≈≈≈≈≈
≈≈≈≈≈≈≈≈≈≈≈≈≈≈≈≈≈......≈≈≈≈≈≈
≈≈≈≈≈≈≈≈≈≈≈≈≈≈≈≈≈...(≈≈≈≈≈≈≈≈≈
≈≈≈≈≈..≈≈≈≈≈≈≈≈≈≈≈≈≈≈≈≈≈≈≈≈≈≈≈
≈≈..≈...≈≈≈≈≈≈≈≈≈≈≈≈≈≈≈≈≈≈≈≈≈≈
.....≈≈≈≈≈≈≈≈≈≈≈≈≈≈≈≈≈≈≈≈ ..
#...≈≈≈≈≈(@((≈≈≈≈≈≈≈≈≈≈≈
...###....≈≈≈≈..≈≈≈≈≈≈≈≈≈≈≈≈≈
≈...#....≈≈≈≈.....≈.≈≈≈≈≈≈≈≈≈
≈≈≈≈....≈..≈≈≈.≈...###.≈≈≈≈≈≈≈
≈≈≈≈≈..≈....≈≈≈....##..≈≈≈≈≈≈≈
............≈≈..≈≈≈.....≈≈≈≈≈≈
....##.....≈≈≈≈≈≈≈≈≈...≈≈≈≈≈≈≈
..........#.≈≈≈≈≈≈≈≈≈≈≈≈≈≈≈≈≈≈
.........##...≈≈≈≈≈≈≈.≈≈≈≈≈≈≈≈


You could see a satyr and 2 fauns.

Vanquished Creatures
  Rupert (Lair:4)
  Gastronok (D:11)
  Kirke (Snake:1)
  Louise (D:15)
  A merfolk impaler (Shoals:2)
  Snorg (D:11)
  Erolcha (D:10)
  5 hydras
  A naga warrior (Snake:1)
  A yaktaur captain (D:15)
  Fannar (D:10)
  A vault guard (D:13)
  Harold (D:7)
  5 merfolk avatars
  4 centaur warriors
  2 satyrs (Shoals:2)
  3 tengu warriors (D:14)
  3 two-headed ogres
  A shock serpent (Lair:4)
  Urug (Lair:4)
  2 naga sharpshooters (Snake:1)
  Nergalle (Lair:1)
  The ghost of Coldstonesans the Bewitcher, a journeyman FeEn of Jiyva (D:13)
  4 skeletal warriors (D:13)
  5 sea snakes
  An unseen horror (D:13)
  An orc knight (D:15)
  A necromancer (IceCv)
  15 harpies (Shoals:1)
  3 deep elf magi (D:15)
  10 ugly things
  12 manticores
  12 fauns
  An orc sorcerer (D:15)
  A cyclops (Shoals:3)
  4 merfolk sirens
  Maurice (D:8)
  6 elephants (Lair:6)
  A water nymph (Shoals:2)
  Joseph (Lair:1)
  6 black mambas
  Psyche (D:11)
  2 torpor snails (Lair:5)
  4 gargoyles
  7 spiny frogs
  10 komodo dragons
  A yaktaur (D:15)
  7 freezing wraiths (IceCv)
  2 rime drakes
  A kobold demonologist (D:12)
  11 merfolk
  9 trolls
  6 hornets (Lair:6)
  4 polar bears
  A wolf spider simulacrum (IceCv)
  3 wind drakes
  4 snapping turtles
  11 hippogriffs
  12 blink frogs
  5 dream sheep
  9 spriggans (Lair:6)
  3 wraiths
  4 wyverns
  4 water elementals
  20 yaks
  Grum (D:9)
  A yak (shapeshifter) (D:15)
  A human (D:7)
  5 hogs
  3 vampire mosquitoes (D:14)
  4 basilisks
  3 hungry ghosts
  3 nagas
  3 acid dragons
  A soldier ant (D:11)
  26 water moccasins
  5 porcupines
  Duvessa (D:4)
  A porcupine (shapeshifter) (D:15)
  5 orc warriors
  9 ice beasts
  An eye of draining (D:11)
  3 black bears
  3 phantoms
  A sky beast (D:13)
  2 boggarts (Lair:6)
  2 hornet zombies
  3 necrophages
  21 wolves
  5 ogres
  24 centaurs
  9 crocodiles
  2 big kobolds
  19 bullfrogs
  A gnoll sergeant (D:12)
  Dowan (D:4)
  7 scorpions
  14 wights
  An elephant simulacrum (IceCv)
  11 killer bees
  A howler monkey (D:7)
  An electric eel (Lair:1)
  8 crimson imps
  4 draconian simulacra (IceCv)
  6 centaur zombies
  A quasit (D:9)
  5 jellies
  3 bullfrog zombies
  A lava snake (D:15)
  7 orc priests
  Crazy Yiuf (D:2)
  A gnoll shaman (D:8)
  6 hounds
  19 orc wizards
  A bullfrog skeleton (D:12)
  5 centaur skeletons
  Jessica (D:2)
  Natasha (thrice) (D:4)
  3 iguanas
  5 worker ants
  4 troll simulacra (IceCv)
  Terence (D:2)
  A spriggan simulacrum (IceCv)
  2 polar bear simulacra (IceCv)
  A killer bee zombie (D:8)
  A hound skeleton (D:9)
  13 gnolls
  5 naga simulacra (IceCv)
  19 adders
  6 ogre simulacra (IceCv)
  4 shadow imps
  12 white imps (IceCv)
  An ooze (D:1)
  2 adder zombies
  2 dart slugs
  6 leopard geckos
  48 orcs
  3 giant cockroaches
  6 goblins
  2 hobgoblins (D:3)
  19 jackals
  4 quokkas
  A ball python (shapeshifter) (D:8)
  8 ball pythons
  5 bats
  5 frilled lizards
  22 kobolds
  A leopard gecko skeleton (D:4)
  A leopard gecko zombie (D:5)
  5 rats
  4 bushes (Lair:6)
  6 fungi
  11 plants
781 creatures vanquished.

Vanquished Creatures (collateral kills)
  The ghost of frimble the Cleaver, a journeyman MiMo of Qazlal (D:11)
  A faun (Shoals:2)
  An elephant (Lair:6)
  A torpor snail (Lair:6)
  An ice statue (IceCv)
  3 freezing wraiths (IceCv)
  2 polar bears (Lair:6)
  A dream sheep (Lair:6)
  7 spriggans (Lair:6)
  2 hogs (Snake:1)
  A basilisk (Lair:2)
  2 nagas (Snake:1)
  2 water moccasins
  3 orc warriors (D:8)
  A boggart (Lair:6)
  A black bear (Lair:6)
  3 wolves (Lair:6)
  An orc priest (D:8)
  13 orcs (D:8)
47 creatures vanquished.

Vanquished Creatures (others)
  A killer bee (D:11)
  An orc (D:15)
  2 fungi
  A plant (Shoals:1)
5 creatures vanquished.

Grand Total: 833 creatures vanquished

Notes
Turn   | Place    | Note
-------+----------+-------------------------------------------
     0 | D:1      | snetch the Minotaur Berserker began the quest for the Orb.
     0 | D:1      | Reached XP level 1. HP: 19/19 MP: 0/0
   132 | D:1      | Reached XP level 2. HP: 20/27 MP: 1/1
   135 | D:1      | Reached skill level 4 in Axes
   226 | D:1      | Reached ** piety under Trog
   486 | D:2      | Reached XP level 3. HP: 33/33 MP: 2/2
  1127 | D:2      | Noticed Jessica
  1130 | D:2      | Noticed Terence
  1134 | D:2      | Killed Jessica
  1134 | D:2      | Reached XP level 4. HP: 18/41 MP: 3/3
  1140 | D:2      | Killed Terence
  1210 | D:2      | Found a runed door.
  1214 | D:2      | Noticed Crazy Yiuf
  1221 | D:2      | Killed Crazy Yiuf
  1221 | D:2      | Reached XP level 5. HP: 20/47 MP: 4/4
  1547 | D:3      | Reached skill level 1 in Staves
  1548 | D:3      | Reached *** piety under Trog
  1933 | D:4      | Noticed Natasha
  1944 | D:4      | Killed Natasha
  1944 | D:4      | Reached skill level 5 in Fighting
  1944 | D:4      | Reached XP level 6. HP: 33/56 MP: 5/5
  2158 | D:4      | Noticed Duvessa
  2158 | D:4      | Noticed Dowan
  2162 | D:4      | Killed Duvessa
  2166 | D:4      | Killed Dowan
  2166 | D:4      | Reached skill level 1 in Polearms
  2166 | D:4      | Reached skill level 5 in Armour
  2205 | D:4      | Noticed Natasha
  2217 | D:4      | Killed Natasha
  2241 | D:5      | Entered Level 5 of the Dungeon
  2248 | D:5      | Reached XP level 7. HP: 33/61 MP: 6/6
  2268 | D:5      | Found a glowing drain.
  2315 | Sewer    | Entered a sewer
  2818 | Sewer    | Reached **** piety under Trog
  2994 | D:4      | Noticed Natasha
  3001 | D:4      | Killed Natasha
  3001 | D:4      | Reached skill level 5 in Staves
  3056 | D:4      | Found a deep blue altar of Sif Muna.
  3198 | D:4      | Reached skill level 8 in Axes
  3198 | D:4      | Reached XP level 8. HP: 78/78 MP: 7/7
  3201 | D:4      | Identified Sif Muna's Guide on Evil Magic
  3211 | D:5      | Found a staircase to the Ecumenical Temple.
  3236 | D:5      | Found an opulent altar of Gozag.
  3477 | Temple   | Entered the Ecumenical Temple
  3897 | D:7      | Reached XP level 9. HP: 77/83 MP: 8/8
  4445 | D:6      | Found Ovviluo's Gadget Shop.
  4814 | D:7      | Found a basalt altar of Yredelemnul.
  4836 | D:7      | Reached ***** piety under Trog
  4839 | D:7      | Found a sparkling altar of Nemelex Xobeh.
  4859 | D:7      | Found a blossoming altar of Fedhas.
  5035 | D:8      | Noticed Harold
  5052 | D:7      | Reached skill level 1 in Stealth
  5058 | D:7      | Killed Harold
  5058 | D:7      | Reached skill level 10 in Armour
  5058 | D:7      | Reached XP level 10. HP: 52/91 MP: 9/9
  5287 | D:7      | Reached skill level 10 in Staves
  5476 | D:7      | You fall through a shaft for 3 floors!
  5476 | D:10     | Entered Level 10 of the Dungeon
  5772 | D:9      | Noticed Maurice
  5791 | D:8      | Killed Maurice
  6172 | D:6      | Bought a lamp of fire for 520 gold pieces
  6782 | D:9      | Found a staircase to the Lair.
  6992 | D:9      | Found a staircase to the Orcish Mines.
  7180 | D:9      | Found a roughly hewn altar of Beogh.
  7189 | D:9      | Received a gift from Trog
  7282 | D:9      | Reached XP level 11. HP: 80/98 MP: 10/10
  7491 | D:9      | Noticed Grum
  7500 | D:9      | Killed Grum
  7503 | D:9      | Reached skill level 9 in Axes
  7655 | D:10     | Noticed Fannar
  7670 | D:10     | Killed Fannar
  7670 | D:10     | Reached skill level 10 in Fighting
  7715 | D:10     | Noticed Erolcha
  7725 | D:10     | Killed Erolcha
  8032 | D:10     | Reached skill level 1 in Evocations
  8490 | D:11     | Reached skill level 10 in Axes
  8495 | D:11     | Found Ekhlaj's Distillery.
  8506 | D:11     | Bought a potion of heal wounds for 75 gold pieces
  8506 | D:11     | Bought a potion of curing for 45 gold pieces
  8585 | D:11     | Noticed Snorg
  8594 | D:11     | Killed Snorg
  8656 | D:11     | Noticed Gastronok
  8670 | D:11     | Killed Gastronok
  8712 | D:11     | Reached skill level 11 in Axes
  8743 | D:11     | Reached XP level 12. HP: 107/107 MP: 11/11
  8779 | D:11     | Reached skill level 1 in Throwing
  8810 | D:11     | Noticed a two-headed ogre
  8824 | D:11     | Killed a two-headed ogre
  9408 | D:11     | Received a gift from Trog
  9502 | D:12     | Noticed a four-headed hydra
  9538 | D:11     | Reached skill level 12 in Axes
  9549 | D:11     | Noticed Psyche
  9561 | D:11     | Killed Psyche
  9615 | D:11     | Found a large runed door.
  9615 | D:11     | Found a large runed door.
  9615 | D:11     | Noticed frimble's ghost (journeyman MiMo)
  9935 | D:13     | Found a frozen archway.
 10155 | IceCv    | Entered an ice cave
 10327 | IceCv    | Got a bound tin ring
 10330 | IceCv    | Identified the cursed ring "Caqeekhlu" {EV-3 Str+3 Dex+4
                  | SInv} (You found it in an ice cave)
 10343 | IceCv    | Found an ancient bone altar of Kikubaaqudgha.
 11274 | D:12     | Killed a four-headed hydra
 11334 | D:13     | Found a large runed door.
 11334 | D:13     | Found a large runed door.
 11342 | D:13     | Noticed Coldstonesans's ghost (journeyman FeEn)
 11554 | D:11     | Killed frimble's ghost
 11554 | D:11     | Reached skill level 13 in Axes
 11690 | D:12     | Reached XP level 13. HP: 117/117 MP: 13/13
 11878 | D:12     | Received a gift from Trog
 12148 | D:13     | Found a gate to the Vaults.
 12878 | D:14     | Reached skill level 1 in Long Blades
 13334 | D:13     | Killed Coldstonesans's ghost
 13462 | D:14     | Found Ynesiq's Distillery.
 13480 | D:14     | Reached skill level 14 in Axes
 13543 | D:14     | Bought 2 potions of curing for 102 gold pieces
 13660 | D:14     | Reached skill level 1 in Shields
 13694 | D:14     | Found an iron altar of Okawaru.
 13798 | D:15     | Entered Level 15 of the Dungeon
 14321 | D:15     | Noticed Louise
 14371 | D:15     | Killed Louise
 14371 | D:15     | Reached XP level 14. HP: 56/129 MP: 5/14
 14631 | D:15     | Received a gift from Trog
 14649 | D:15     | Found Coiheas's Antique Weapon Emporium.
 15123 | D:15     | Reached skill level 5 in Shields
 15172 | D:15     | Found a staircase to the Depths.
 15479 | Lair:1   | Entered Level 1 of the Lair of Beasts
 15483 | Lair:1   | Noticed Joseph
 15500 | Lair:1   | Killed Joseph
 15549 | Lair:1   | Found a transporter.
 15553 | Lair:1   | Identified the cursed +3 trident of Honour {drain, rC-
                  | rN+++ Stlth+}
 15554 | Lair:1   | Noticed DekuTree's ghost (journeyman DsFE)
 15555 | Lair:1   | Found a bloodstained altar of Trog.
 15555 | Lair:1   | Found a transporter.
 15557 | Lair:1   | Identified the cursed +0 rapier "Apriuz" {protect, Str+7
                  | Int+2 Dex-5 SInv}
 15614 | Lair:1   | Noticed Nergalle
 15621 | Lair:1   | Killed Nergalle
 15702 | Lair:1   | Reached skill level 15 in Armour
 16773 | Lair:3   | Found a staircase to the Shoals.
 17392 | Lair:4   | Noticed Rupert
 17411 | Lair:4   | Killed Rupert
 17418 | Lair:4   | Received a gift from Trog
 17713 | Lair:3   | Got a scorched scimitar
 17714 | Lair:3   | Identified the +7 scimitar of the Absolute Madman {elec,
                  | *Corrode +Rage rElec Int+2} (You found it on level 3 of the
                  | Lair of Beasts)
 17965 | Lair:4   | Noticed Urug
 17980 | Lair:4   | Killed Urug
 18189 | Lair:4   | Found a staircase to the Snake Pit.
 18201 | Lair:4   | Reached skill level 15 in Axes
 18915 | Lair:5   | Reached XP level 15. HP: 63/139 MP: 8/15
 19156 | Lair:6   | Entered Level 6 of the Lair of Beasts
 19551 | Lair:6   | Found a staircase to the Slime Pits.
 19736 | Lair:6   | Received a gift from Trog
 19854 | Lair:6   | Reached skill level 16 in Axes
 19856 | Lair:6   | Received a gift from Trog
 20172 | Lair:6   | Paralysed by a hornet for 1 turns
 20974 | Snake:1  | Entered Level 1 of the Snake Pit
 20985 | Lair:4   | Reached skill level 15 in Fighting
 21354 | Snake:1  | Noticed Kirke
 21376 | Snake:1  | Killed Kirke
 21546 | Shoals:1 | Entered Level 1 of the Shoals
 21743 | Shoals:1 | Reached skill level 1 in Crossbows
 21822 | Shoals:1 | Reached skill level 17 in Axes
 22082 | Shoals:1 | Found Wuosioch's Jewellery Shop.
 22969 | Shoals:2 | Received a gift from Trog
 23312 | Shoals:1 | Reached XP level 16. HP: 116/149 MP: 13/16
 24681 | Shoals:3 | Reached skill level 18 in Axes
 24688 | Shoals:3 | HP: 6/151 [faun/+0 spear[a satyr] (12)]
 24689 | Shoals:3 | Shot with a stone by a faun

Vault maps used:
D:1:      minmay_arrival_up_and_down
D:2:      uniq_terence, uniq_crazy_yiuf_cottage, uniq_jessica
D:4:      led_sif_book, uniq_natasha, uniq_duvessa
D:5:      minmay_temple_entry_sparse_star, gup_sewer_entry_glass, first_ration,
          grunt_gozag_breadcrumbs
D:6:      serial_shops, kennysheep_little_box
D:7:      nicolae_overflow_hidden_temple, grunt_livestock
D:8:      black_bear_nest_2, special_room, uniq_harold
D:9:      david_lair_generic, minmay_orc_entry_temple_small, uniq_maurice,
          uniq_grum
D:10:     dk_noncrumbling_2, uniq_erolcha, uniq_fannar
D:11:     wander_river, serial_shops, shop_statue, ebering_ghost_disaster_area,
          minmay_crystal_water, uniq_psyche, uniq_gastronok, uniq_snorg
D:13:     david_vaults_5, ebering_ghost_disaster_area,
          portal_ice_cave_entry_pillars_1, chequers_serial_rivers_small_b
D:14:     serial_shops, shop, okawaru_ov_weapons_minmay
D:15:     grunt_enter_depths_snipers, kennysheep_doodads, serial_shops,
          nicolae_shop_waterfront, uniq_louise
Temple:   compressed_dpeg_circular_temple
Lair:1:   gammafunk_ghost_wrathful_warriors, gammafunk_lair_bear_cave,
          uniq_joseph, uniq_nergalle
Lair:2:   grunt_megastairs_3, serial_bayou_shore_b
Lair:3:   minmay_shoals_entry_beasts
Lair:4:   minmay_snake_entry_six_corridors, uniq_urug, uniq_rupert
Lair:5:   beast_lair_carwin_8
Lair:6:   minmay_lair_end_enchanted_forest, slime_dummy
Shoals:1: serial_shops, nicolae_shop_statue_plus, overgrown_tower
Shoals:3: serial_shops, shop
Snake:1:  uniq_kirke
Sewer:    sewer_co_scattered_pipes
IceCv:    ice_cave_small_necro

Skill      XL: |  1  2  3  4  5  6  7  8  9 10 11 12 13 14 15 16 |
---------------+-------------------------------------------------+-----
Axes           | 4 8 11 13 14 15 17 18 | 18.0
Fighting       | 4 5 9 10 12 13 14 15 | 15.8
Armour         | 3 4 5 9 10 11 13 14 15 16 | 16.7
Staves         | 2 4 5 6 9 11 | 11.8
Polearms       | 1 2 |  2.5
Dodging        | 3 7 8 9 |  9.0
Stealth        | 1 2 |  2.6
Evocations     | 1 2 |  2.3
Throwing       | 2 3 4 |  4.0
Long Blades    | 1 |  1.7
Shields        | 3 7 |  7.0
Crossbows      | 4 |  4.3

Action                   |  1- 3 |  4- 6 |  7- 9 | 10-12 | 13-15 | 16-18 || total
-------------------------+-------+-------+-------+-------+-------+-------++-------
Melee: Hand axe          |    44 |       |       |   384 |   506 |       ||   934
       Headbutt          |    10 |     9 |    48 |   126 |   290 |    22 ||   505
       Trident           |    23 |     9 |       |       |    10 |       ||    42
       Quarterstaff      |       |    75 |   271 |   154 |       |       ||   500
       Halberd           |       |       |     8 |       |       |       ||     8
       Long sword        |       |       |       |       |     3 |       ||     3
       Battleaxe         |       |       |       |       |   462 |   100 ||   562
 Fire: Blowgun           |       |       |       |    19 |       |       ||    19
       Arbalest          |       |       |       |       |    23 |     6 ||    29
Throw: Throwing net      |       |       |       |     1 |     1 |       ||     2
       Stone             |       |       |       |       |    22 |    13 ||    35
       Tomahawk          |       |       |       |       |     8 |     7 ||    15
Invok: Berserk           |     1 |       |     1 |     1 |     1 |       ||     4
       Trog's Hand       |       |     1 |       |     4 |    13 |     3 ||    21
       Brothers in Arms  |       |       |       |     4 |     6 |     1 ||    11
Evoke: Wand              |       |       |     2 |     8 |     4 |       ||    14
       Lamp of fire      |       |       |       |     2 |       |       ||     2
  Use: Scroll            |       |       |    11 |     5 |    19 |     2 ||    37
       Potion            |       |       |     2 |       |     3 |     2 ||     7
 Stab: Paralysed         |       |       |     1 |       |       |       ||     1
       Distracted        |       |       |       |       |     2 |       ||     2
  Eat: Chunk             |     2 |     3 |    11 |    21 |    47 |     6 ||    90
       Ration            |       |       |       |     2 |       |       ||     2
Armor: Ring mail         |    30 |     1 |       |       |       |       ||    31
       Animal skin       |     1 |       |       |       |       |       ||     1
       Chain mail        |       |    48 |    97 |    38 |       |       ||   183
       Plate armour      |       |       |       |   206 |   563 |    73 ||   842
       Troll leather arm |       |       |       |     7 |       |       ||     7
Dodge: Dodged            |    40 |    23 |   121 |   373 |   543 |    55 ||  1155
Block: Buckler           |     1 |     1 |       |       |       |       ||     2
       Shield            |       |       |       |       |   173 |       ||   173

Table legend:
 A = Non-vault XP
 B = Vault XP
 C = Vault XP percentage of total XP
 D = Non-vault monster count
 E = Vault monster count
 F = Vault count percentage of total count
                 A         B        C        D         E       F
            +---------+---------+-------+---------+---------+-------
      Total |  119791 |   46077 |  27.8 |     575 |     233 |  28.8
            +---------+---------+-------+---------+---------+-------
        D:1 |      38 |       0 |   0.0 |      20 |       0 |   0.0
        D:2 |      47 |     109 |  69.9 |      14 |       3 |  17.6
        D:3 |      65 |       0 |   0.0 |      20 |       0 |   0.0
        D:4 |     260 |     337 |  56.4 |      10 |       5 |  33.3
        D:5 |     285 |      30 |   9.5 |      17 |       3 |  15.0
        D:6 |     972 |       0 |   0.0 |      29 |       0 |   0.0
        D:7 |    1649 |    1945 |  54.1 |      31 |       6 |  16.2
        D:8 |     568 |     861 |  60.3 |      15 |      22 |  59.5
        D:9 |    1596 |    1556 |  49.4 |      19 |      15 |  44.1
       D:10 |    2306 |    2022 |  46.7 |      33 |       2 |   5.7
       D:11 |    7479 |    4307 |  36.5 |      44 |       4 |   8.3
       D:12 |    3330 |       0 |   0.0 |      19 |       0 |   0.0
       D:13 |    7264 |    3350 |  31.6 |      22 |       8 |  26.7
       D:14 |   14597 |       0 |   0.0 |      46 |       0 |   0.0
       D:15 |    9446 |    4011 |  29.8 |      49 |       4 |   7.5
     Lair:1 |    3719 |    2132 |  36.4 |      18 |       6 |  25.0
     Lair:2 |    3043 |     748 |  19.7 |      14 |       4 |  22.2
     Lair:3 |     913 |     744 |  44.9 |       5 |       2 |  28.6
     Lair:4 |    5194 |    5235 |  50.2 |      20 |      14 |  41.2
     Lair:5 |    6032 |    2826 |  31.9 |      17 |       8 |  32.0
     Lair:6 |    7224 |    7602 |  51.3 |      25 |      49 |  66.2
   Shoals:1 |   22711 |       0 |   0.0 |      44 |       0 |   0.0
   Shoals:2 |   13433 |       0 |   0.0 |      24 |       0 |   0.0
   Shoals:3 |    5082 |       0 |   0.0 |      13 |       0 |   0.0
    Snake:1 |    2538 |    2426 |  48.9 |       7 |       5 |  41.7
      Sewer |       0 |      64 | 100.0 |       0 |      19 | 100.0
      IceCv |       0 |    5772 | 100.0 |       0 |      54 | 100.0
            +---------+---------+-------+---------+---------+-------
